 Dungeon Crawl Stone Soup version 0.15.1-3-g1b33baa (webtiles) character file.

144 Chiseanne the Cutter (level 5, -2/32 HPs)
             Began as a Kobold Gladiator on Oct 5, 2014.
             Was a Follower of Makhleb.
             Slain by an ogre
             ... wielding a +0 giant club
              (19 damage)
             ... on Level 4 of the Dungeon.
             The game lasted 00:15:50 (4029 turns).

Chiseanne the Cutter (Kobold Gladiator)             Turns: 4029, Time: 00:15:50

HP  -2/32        AC  4     Str 13      XL: 5   Next: 51%
MP   5/5         EV 13     Int  6      God: Makhleb [*.....]
Gold 192         SH  7     Dex 18      Spells:  0 memorised,  4 levels left

rFire  . . .     SeeInvis .     a - +0 cutlass
rCold  . . .     Clarity  .     b - +0 leather armour
rNeg   . . .     rCorr    .     t - +0 shield
rPois  +         rRot     .     c - +0 helmet
rElec  .         Spirit   .     (no cloak)
SustAb .         Warding  .     (no gloves)
rMut   .         Stasis   .     (no boots)
Gourm  .                        (no amulet)
MR     .....                    (no ring)
                                g - ring of poison resistance

@: not resistant to hostile enchantments, unstealthy
A: carnivore 3
a: Renounce Religion


You were on level 4 of the Dungeon.
You worshipped Makhleb.
Makhleb was aware of your devotion.
You were completely stuffed.

You visited 1 branch of the dungeon, and saw 4 of its levels.

You collected 192 gold pieces.

Inventory:

Hand weapons
 a - a +0 cutlass (weapon)
 h - a +3 hunting sling
 r - a +2 dagger of draining
 s - a +1 dagger of speed
Missiles
 d - 3 throwing nets (quivered)
 l - 11 sling bullets of frost
 q - 26 sling bullets
Armour
 b - a +0 leather armour (worn)
 c - a +0 helmet (worn)
 t - a +0 shield (worn)
Magical devices
 p - a wand of draining (0)
Comestibles
 f - a meat ration
 n - 2 slices of pizza
Jewellery
 g - a ring of poison resistance (left hand)
Potions
 e - a potion of confusion {unknown}
 i - 2 potions of might {unknown}
 j - a potion of curing {unknown}
 k - 2 potions of poison {unknown}
 m - a potion of heal wounds {unknown}
 o - a potion of lignification {unknown}


   Skills:
 * Level 2.9 Fighting
 * Level 5.4 Short Blades
 - Level 2.6 Throwing
 * Level 5.2 Dodging
 * Level 2.0 Stealth


You had 4 spell levels left.
You didn't know any spells.

Dungeon Overview and Level Annotations

Branches:
Dungeon (4/15)
 Temple: D:4-7

Altars:
Dithmenos
Fedhas
Makhleb
Qazlal

Annotations:
D:4 Eustachio


Innate Abilities, Weirdness & Mutations

You are small and have problems with some larger weapons.
You are carnivorous and can eat meat at any time.


Message History

You block the adder's attack.
You hit the adder.
The adder is severely wounded.
The adder bites you but does no damage.
You hit the adder.
You kill the adder!
Makhleb accepts your kill.
You feel a little better.
Your Stealth skill increases to level 2!
You hit the ogre.
The ogre is lightly wounded.
You block the ogre's attack.
You hit the ogre.
The ogre is lightly wounded.
The ogre hits you with a giant club.
You hit the ogre but do no damage.
The ogre is lightly wounded.
The ogre hits you with a giant club!!
Ouch! That really hurt!
You die...

###...#..##'#..#'##...####..#****
##..............##'##.....# *
##......................#*
######..##'##'#............#
....##..#..#).###'#..##'#..#*
........#.)#.)#..)#..#..#,..# *
........#######...#.P#.)#P..#* *
...........P..#####..####....#***
................@O.........#,.,**
...........########.......##*,,,,
...........## #.....### *,,,,
............# ##....# **,,,*
............# ###....####.,,,*
............## #...........,,**
,............# ##.%.........,,*
,,...........# #....#####..,,,*
,,,........<.#* #...........,,,**


You could see an ogre.

Vanquished Creatures
  A goliath beetle (D:3)
  3 adders
  2 worms
  6 giant geckos
  An ooze (D:1)
  5 orcs
  6 bats
  2 giant cockroaches
  9 goblins
  4 hobgoblins
  2 jackals (D:1)
  A quokka (D:4)
  A ball python (D:2)
  A hobgoblin zombie (D:4)
  6 kobolds
  6 rats
56 creatures vanquished.

Notes
Turn   | Place    | Note
--------------------------------------------------------------
     0 | D:1      | Chiseanne, the Kobold Gladiator, began the quest for the Orb.
     0 | D:1      | Reached XP level 1. HP: 12/12 MP: 1/1
   310 | D:2      | Reached XP level 2. HP: 2/17 MP: 2/2
   791 | D:2      | Found a burning altar of Makhleb.
   799 | D:2      | Became a worshipper of Makhleb the Destroyer
   846 | D:2      | Reached XP level 3. HP: 18/21 MP: 3/3
  1426 | D:2      | Found a stormy altar of Qazlal.
  2074 | D:1      | Reached skill level 5 in Short Blades
  2166 | D:1      | Acquired Makhleb's first power
  2166 | D:1      | Reached XP level 4. HP: 23/27 MP: 4/4
  2262 | D:1      | Reached skill level 1 in Stealth
  2859 | D:3      | HP: 1/27 [goliath beetle (20)]
  3329 | D:3      | Found a blossoming altar of Fedhas.
  3381 | D:3      | Reached skill level 5 in Dodging
  3381 | D:3      | Reached XP level 5. HP: 32/32 MP: 5/5
  3547 | D:3      | Found a shadowy altar of Dithmenos.
  3802 | D:4      | Noticed Eustachio
  4002 | D:4      | Noticed an ogre
  4029 | D:4      | Slain by an ogre

Action                   |  1- 3 |  4- 6 || total
-------------------------+-------+-------++-------
Melee: Cutlass           |    87 |   131 ||   218
       Dagger            |    34 |       ||    34
Evoke: Wand              |       |     9 ||     9
  Use: Scroll            |     4 |     3 ||     7
 Stab: Sleeping          |       |     5 ||     5
  Eat: Chunk             |     8 |    10 ||    18
